 Dungeon Crawl Stone Soup version 0.30-a0-161-gdd60e06945 (webtiles) character file.

Game seed: 3706865673840605545

1466 qw the Cleaver (level 8, 0/53 HPs)
             Began as a Gargoyle Fighter on Sept 27, 2022.
             Slain by a black bear (4 damage)
             ... on level 6 of the Dungeon.
             The game lasted 00:01:39 (4535 turns).

qw the Cleaver (Gargoyle Fighter)                   Turns: 4535, Time: 00:01:40

Health: 0/53       AC: 15    Str: 28 (29) XL:     8   Next: 77%
Magic:  8/8        EV:  8    Int:  8      God:
Gold:   166        SH: 10    Dex:  9      Spells: 7/7 levels left

rFire   . . .      SeeInvis .    Y - +0 war axe
rCold   . . .      Faith    .    c - +0 buckler
rNeg    + + .      Spirit   .    o - +0 chain mail
rPois   inf        Reflect  .    (no helmet)
rElec   +          Harm     .    (no cloak)
rCorr   .          Rampage  .    a - +0 pair of gloves
Will    .....                    (no boots)
Stlth   ..........               g - amulet of the acrobat
HPRegen 0.17/turn                j - ring of positive energy
MPRegen 0.11/turn                n - +6 ring of strength

@: about to teleport
A: sickness immunity, AC +5, negative energy resistance 1, electricity
resistance, torment resistance 1, petrification resistance, large bone plates 2,
deterioration 1
a: no special abilities


You were on level 6 of the Dungeon.
You visited 1 branch of the dungeon, and saw 6 of its levels.

You collected 226 gold pieces.
You spent 60 gold pieces at shops.


Innate Abilities, Weirdness & Mutations

You are immune to sickness and miasma.
Your stone body is resilient. (AC +5)
You are immune to poison.
You resist negative energy. (rN+)
You are resistant to electric shocks. (rElec)
You are resistant to unholy torment.
You are immune to petrification.
You are mostly covered in large bone plates. (SH +6)
Your body sometimes deteriorates upon taking damage.


   Skills:
 - Level 7.1 Fighting
 + Level 8.0 Axes
 - Level 3.2 Armour
 - Level 1.7 Dodging
 - Level 3.2 Shields


You had 7 spell levels left.
You didn't know any spells.
Your spell library was empty.

Inventory:

Hand Weapons
 l - a +0 flail
 Y - a +0 war axe (weapon)
Armour
 a - a +0 pair of gloves (worn)
 c - a +0 buckler (worn)
 o - a +0 chain mail (worn)
Jewellery
 f - a ring of ice
 g - an amulet of the acrobat (around neck)
 j - a ring of positive energy (left hand)
 n - a +6 ring of strength (right hand)
Scrolls
 e - a scroll of identify
Potions
 d - a potion of might
 h - a potion of attraction
 k - 2 potions of curing
 q - a potion of haste

Dungeon Overview and Level Annotations

Branches:
Dungeon (6/15)
 Temple: D:4-7

Altars:
Ashenzari
Hepliaklqana
Makhleb
Nemelex Xobeh
Ru
Sif Muna
Wu Jian
Xom
Zin

Shops:
D:3 *


Message History

The yak is severely wounded.
You slash the yak! The yak gores you! You block the yak's attack.
You hit the yak but do no damage.
The yak is severely wounded.
You barely miss the yak. You hit the yak.
You block the yak's attack. x2; The yak closely misses you.
You hit the yak.
The yak is severely wounded.
You slash the yak! You completely miss the yak. You block the yak's attack.
The yak gores you but does no damage. You block the yak's attack.
You hit the yak.
The yak is almost dead.
You slash the yak! x2
You block the yak's attack. x2; The yak barely misses you.
You slash the yak!
You kill the yak!
You slash the yak!
You kill the yak!
You barely miss the yak. The yak gores you! You block the black bear's attack.
The black bear claws you but does no damage. x2
You feel your strength returning.
Your Fighting skill gained 2 levels and is now at level 7!
4534 ||| READING scroll of teleportation.
As you read the scroll of teleportation, it crumbles to dust.
You feel strangely unstable. The yak gores you!
Your body deteriorates!
You feel weakened.
The black bear bites you but does no damage.
You block the black bear's attack.
The black bear claws you but does no damage.
The yak gores you but does no damage.
You hit the yak but do no damage.
The yak is moderately wounded.
You barely miss the yak.
You hit the black bear but do no damage.
The yak completely misses you. The black bear bites you.
You die...

...#...#...#...#..#
#.#
#...#.#...###...####.#
.
#..#...#..#..#.......#
..
#.....###...#..#####
#. #.?...#..#....## #
..#.....#...#...#
...#.#...#.#......#
..#...#Y#...#.....#
......YY@h.........#
##
##.##..###.......####.
..
......................
..
###.#######.....######
## # ##...## #######
#######.## #......
.........#####.#####
######.#.......#
#...#######


You could see 3 yaks and a black bear.

Vanquished Creatures
  Sigmund (D:5)
  2 yaks (D:6)
  Menkaure (D:5)
  Edmund (D:5)
  A black bear (D:5)
  An ogre (D:6)
  A phantom (D:6)
  3 wights (D:5)
  A jelly (D:4)
  2 hounds
  2 iguanas (D:5)
  Ijyb (D:4)
  3 gnolls (D:4)
  11 adders
  4 ufetubi
  11 orcs
  A bat (D:3)
  8 endoplasms
  3 giant cockroaches
  4 goblins
  4 hobgoblins
  4 jackals (D:2)
  3 kobolds
  A quokka (D:1)
  5 ball pythons
  4 frilled lizards
  3 rats
86 creatures vanquished.

Notes
Turn   | Place    | Note
-------+----------+-------------------------------------------
     0 | D:1      | qw the Gargoyle Fighter began the quest for the Orb.
     0 | D:1      | Reached XP level 1. HP: 14/14 MP: 1/1
     0 | D:1      | 0 ||| qw: Version: 0.2-a-10-g37ed214
     0 | D:1      | 0 ||| qw: Game counter: 688
     0 | D:1      | 0 ||| qw: Always use a shield: true
     0 | D:1      | 0 ||| qw: God list: Okawaru
     0 | D:1      | 0 ||| qw: Allow faded altars: false
     0 | D:1      | 0 ||| qw: Do Orc after D:15 true
     0 | D:1      | 0 ||| qw: Do second Lair branch before Depths: true
     0 | D:1      | 0 ||| qw: Lair rune preference: random
     0 | D:1      | 0 ||| qw: Plans: Normal, Zot:1-4, God:TSO, Crypt, Tomb,
                  | Pan, Slime:5, Hells, Abyss, Orb
     0 | D:1      | 0 ||| PLANNING D:1-11
    65 | D:1      | Reached skill level 2 in Axes
   194 | D:1      | Reached XP level 2. HP: 18/19 MP: 2/2
   246 | D:1      | Found a faded altar of an unknown god.
   478 | D:1      | 478 ||| UPGRADING to ring of positive energy.
   479 | D:1      | 479 ||| DROPPING ring of magical power.
   480 | D:1      | 480 ||| READING scroll labelled TASCHE QUAHO.
   481 | D:1      | 481 ||| READING scroll labelled LAFUSOHOES.
   524 | D:2      | Reached skill level 3 in Axes
   524 | D:2      | Reached XP level 3. HP: 19/23 MP: 3/3
  1318 | D:2      | Reached XP level 4. HP: 28/28 MP: 4/4
  1438 | D:2      | 1438 ||| UPGRADING to +0 pair of gloves.
  1443 | D:2      | 1443 ||| UPGRADING to ring of positive energy.
  1444 | D:2      | 1444 ||| UPGRADING to +6 ring of strength.
  1446 | D:2      | 1446 ||| DROPPING ring of positive energy.
  1447 | D:2      | 1447 ||| READING 2 scrolls labelled HOIDUA CUVEW.
  1448 | D:2      | 1448 ||| READING scroll labelled ZYHISI WADOPNE.
  1449 | D:2      | 1449 ||| DRINKING 2 fuming inky potions.
  1449 | D:2      | Gained mutation: You have hidden genetic defects. [potion
                  | of mutation]
  1449 | D:2      | Gained mutation: You are partially covered in large bone
                  | plates. (SH +4) [potion of mutation]
  1470 | D:3      | 1470 ||| STAIRDANCE
  1476 | D:2      | 1476 ||| DROPPING +0 whip.
  1480 | D:3      | 1480 ||| STAIRDANCE
  1485 | D:3      | 1485 ||| STAIRDANCE
  1533 | D:3      | Reached skill level 4 in Axes
  1534 | D:3      | Gained mutation: Your body sometimes deteriorates upon
                  | taking damage. [hidden defects]
  1817 | D:3      | Gained mutation: You are frail. (-10% HP) [hidden defects]
  1817 | D:3      | Lost mutation: You have hidden genetic defects. [hidden
                  | defects expressed]
  1819 | D:3      | Found a broken altar of Ashenzari.
  1820 | D:3      | 1820 ||| DRINKING potion of mutation.
  1820 | D:3      | Lost mutation: Your body sometimes deteriorates upon taking
                  | damage. [potion of mutation]
  1820 | D:3      | Lost mutation: You are frail. (-10% HP) [potion of
                  | mutation]
  1820 | D:3      | Gained mutation: You are mostly covered in large bone
                  | plates. (SH +6) [potion of mutation]
  1820 | D:3      | Gained mutation: Your body sometimes deteriorates upon
                  | taking damage. [potion of mutation]
  1875 | D:3      | Found Poikyst's Assorted Antiques.
  1885 | D:3      | 1885 ||| SHOPLISTING pair of glowing gloves (165 gold, have
                  | 116).
  1885 | D:3      | 1885 ||| SHOPLISTING runed war axe (143 gold, have 116).
  1885 | D:3      | 1885 ||| BUYING scroll labelled IPLEUPHOAR (22 gold).
  1885 | D:3      | Bought a scroll labelled IPLEUPHOAR for 22 gold pieces
  1885 | D:3      | 1885 ||| BUYING silvery potion (19 gold).
  1885 | D:3      | Bought a silvery potion for 19 gold pieces
  1885 | D:3      | 1885 ||| BUYING silvery potion (19 gold).
  1885 | D:3      | Bought a silvery potion for 19 gold pieces
  2050 | D:3      | Found a shimmering blue altar of Sif Muna.
  2194 | D:3      | 2194 ||| UPGRADING to +0 chain mail.
  2204 | D:3      | 2204 ||| DROPPING +0 scale mail.
  2205 | D:3      | 2205 ||| READING scroll labelled LALAMA LITIE.
  2210 | D:3      | 2210 ||| READING scroll labelled IPLEUPHOAR.
  2211 | D:3      | 2211 ||| READING scroll labelled TAEQ QAGRO PAE.
  2212 | D:3      | 2212 ||| DRINKING 2 brown potions.
  2213 | D:3      | 2213 ||| DRINKING 3 lumpy purple potions.
  2214 | D:3      | 2214 ||| DRINKING 2 silvery potions.
  2215 | D:3      | 2215 ||| READING 2 scrolls of identify.
  2215 | D:3      | 2215 ||| IDENTIFYING bubbling puce potion
  2216 | D:3      | 2216 ||| DROPPING potion of berserk rage.
  2232 | D:4      | Reached XP level 5. HP: 32/32 MP: 5/5
  2234 | D:4      | 2234 ||| STAIRDANCE
  2250 | D:4      | 2250 ||| STAIRDANCE
  2379 | D:4      | Found a burning altar of Makhleb.
  2385 | D:4      | Found a shimmering altar of Xom.
  2388 | D:4      | Found a glowing silver altar of Zin.
  2437 | D:4      | Noticed Ijyb
  2438 | D:4      | 2438 ||| Stepping ~*~*~tactically~*~*~ (hiding).
  2447 | D:4      | Killed Ijyb
  2452 | D:4      | 2452 ||| FLEEEEING.
  2453 | D:4      | 2453 ||| FLEEEEING.
  2457 | D:4      | 2457 ||| FLEEEEING.
  2458 | D:4      | 2458 ||| FLEEEEING.
  2459 | D:4      | 2459 ||| FLEEEEING.
  2468 | D:4      | 2468 ||| STAIRDANCE
  2626 | D:3      | 2626 ||| DRINKING 2 coppery potions.
  2632 | D:4      | Reached skill level 5 in Axes
  2632 | D:4      | 2632 ||| STAIRDANCE
  2726 | D:4      | Found a hazy altar of Hepliaklqana.
  2993 | D:4      | 2993 ||| Stepping ~*~*~tactically~*~*~ (stealth).
  2995 | D:4      | 2995 ||| Stepping ~*~*~tactically~*~*~ (hiding).
  3005 | D:4      | Reached XP level 6. HP: 37/38 MP: 6/6
  3109 | D:4      | Found a sparkling altar of Nemelex Xobeh.
  3208 | D:4      | Found a sacrificial altar of Ru.
  3209 | D:4      | 3209 ||| UPGRADING to amulet of the acrobat.
  3214 | D:4      | 3214 ||| DRINKING 2 orange potions.
  3315 | D:4      | 3315 ||| READING 3 scrolls of identify.
  3315 | D:4      | 3315 ||| IDENTIFYING bubbling black potion
  3316 | D:4      | 3316 ||| DROPPING potion of degeneration.
  3317 | D:4      | 3317 ||| DROPPING potion of ambrosia.
  3336 | D:5      | Entered Level 5 of the Dungeon
  3336 | D:5      | Noticed Menkaure
  3343 | D:5      | Killed Menkaure
  3344 | D:5      | Reached skill level 6 in Axes
  3406 | D:5      | Noticed a black bear
  3410 | D:5      | Killed a black bear
  3411 | D:5      | Reached skill level 1 in Dodging
  3411 | D:5      | Reached XP level 7. HP: 43/43 MP: 7/7
  3455 | D:5      | Noticed Edmund
  3465 | D:5      | Killed Edmund
  3576 | D:5      | Identified the +9 trident of Quantum Leap {venom, rF+}
  3787 | D:5      | Reached skill level 7 in Axes
  3975 | D:5      | Found an ornate altar of the Wu Jian Council.
  4165 | D:5      | Noticed Sigmund
  4166 | D:5      | 4166 ||| Stepping ~*~*~tactically~*~*~ (hiding).
  4175 | D:5      | Killed Sigmund
  4176 | D:5      | Reached XP level 8. HP: 44/49 MP: 8/8
  4299 | D:5      | 4299 ||| READING 2 scrolls of identify.
  4299 | D:5      | 4299 ||| IDENTIFYING green potion
  4300 | D:5      | 4300 ||| DROPPING potion of magic.
  4313 | D:5      | 4313 ||| STAIRDANCE
  4413 | D:6      | 4413 ||| Stepping ~*~*~tactically~*~*~ (stealth).
  4421 | D:6      | Reached skill level 8 in Axes
  4428 | D:6      | 4428 ||| Stepping ~*~*~tactically~*~*~ (stealth).
  4429 | D:6      | 4429 ||| Stepping ~*~*~tactically~*~*~ (stealth).
  4502 | D:6      | Noticed a yak
  4503 | D:6      | 4503 ||| Stepping ~*~*~tactically~*~*~ (stealth).
  4504 | D:6      | 4504 ||| Stepping ~*~*~tactically~*~*~ (stealth).
  4505 | D:6      | Noticed a yak
  4506 | D:6      | 4506 ||| Stepping ~*~*~tactically~*~*~ (stealth).
  4507 | D:6      | Noticed a yak
  4508 | D:6      | 4508 ||| Stepping ~*~*~tactically~*~*~ (stealth).
  4509 | D:6      | Noticed a yak
  4510 | D:6      | Noticed a yak
  4511 | D:6      | 4511 ||| Stepping ~*~*~tactically~*~*~ (stealth).
  4512 | D:6      | 4512 ||| Stepping ~*~*~tactically~*~*~ (stealth).
  4519 | D:6      | HP: 4/50 [yak (9)]
  4520 | D:6      | 4520 ||| READING 2 scrolls of teleportation.
  4521 | D:6      | 4521 ||| DRINKING potion of heal wounds.
  4533 | D:6      | Killed a yak
  4533 | D:6      | Killed a yak
  4534 | D:6      | 4534 ||| READING scroll of teleportation.
  4534 | D:6      | HP: 3/53 [yak (10)]
  4535 | D:6      | Slain by a black bear

Levels and vault maps discovered:
D:1:      scummos_arrival_forest, layout_rooms,
          hellmonk_ecumenical_altar_arch_garden
D:2:      layout_basic, minmay_pentomino_v4
D:3:      layout_rooms, overflow_temple_1_default, lemuel_doored_altar,
          serial_shops, shop, serial_glass, glass_columns_b, glass_columns_a
D:4:      layout_cave_pools, kennysheep_mini_moat,
          nicolae_overflow_crystal_walls, nicolae_overflow_hidden_temple,
          minmay_overflow_temple_star_quad, uniq_ijyb
D:5:      layout_cave_pools, mainiacjoe_overflow_surrounded_room, st_stairs_3,
          kennysheep_crisscross, uniq_sigmund, uniq_edmund, uniq_menkaure
D:6:      layout_loops_ring, ebering_ghost_disaster_area, minmay_splitting_lines

Skill      XL: |  1  2  3  4  5  6  7  8 |
---------------+-------------------------+-----
Axes           | 2 3 4 5 6 7 8 |  8.0
Fighting       | 4 5 7 |  7.1
Dodging        | 1 |  1.7
Armour         | |  3.2
Shields        | |  3.2

Action                   |  1- 3 |  4- 6 |  7- 9 || total
-------------------------+-------+-------+-------++-------
Melee: War axe           |   108 |   108 |    99 ||   315
  Use: Scroll            |     2 |     7 |     3 ||    12
       Potion            |       |     7 |     1 ||     8
Armor: Scale mail        |    57 |    20 |       ||    77
       Chain mail        |       |    37 |    47 ||    84
Dodge: Dodged            |    50 |    44 |    29 ||   123
Block: Buckler           |    24 |    51 |    59 ||   134

Table legend:
 A = Non-vault XP
 B = Vault XP
 C = Vault XP percentage of total XP
 D = Non-vault monster count
 E = Vault monster count
 F = Vault count percentage of total count
                 A         B        C        D         E       F
            +---------+---------+-------+---------+---------+-------
      Total |    1394 |     701 |  33.5 |      77 |       9 |  10.5
            +---------+---------+-------+---------+---------+-------
        D:1 |      19 |       0 |   0.0 |      11 |       0 |   0.0
        D:2 |      61 |      15 |  19.7 |      19 |       2 |   9.5
        D:3 |      65 |       0 |   0.0 |      15 |       0 |   0.0
        D:4 |     159 |      36 |  18.5 |      18 |       1 |   5.3
        D:5 |     402 |     650 |  61.8 |       7 |       6 |  46.2
        D:6 |     688 |       0 |   0.0 |       7 |       0 |   0.0
            +---------+---------+-------+---------+---------+-------
